AoeStats
← SamDT

Arabia

507670007Analyzed
1v1 RM · 14d ago on Sep 19, 2026· 28m 39s· 2 players
Game mode
Random Map
Map size
Tiny (2 player)
Population
200
Speed
Normal
Resources
Standard
Victory
Conquest
Starting age
Dark Age
Ending age
Imperial Age
RankedLock teamsTeams togetherTeam positionsShared explorationLock speedFull tech treeHidden civsTurbo modeCheats
Victory
Defeat
🇳🇿 Turks · New Zealand
706
+18
🇲🇽 Magyars · Mexico
752
-29
SamDT
5:44 Loom
13:18 Feudal Age
18:11 Castle Age
16:59 Double-Bit Axe
17:09 Gold Mining
22:41 Imperial Age
24:09 Fletching
25:31 Padded Archer Armor
25:58 Bodkin Arrow
Deletedme
11:07 Feudal Age
10:18 Loom
11:58 Double-Bit Axe
15:18 Horse Collar
19:55 Castle Age
19:24 Wheelbarrow
21:03 Heavy Plow
22:53 Padded Archer Armor
22:44 Fletching
24:24 Husbandry
24:36 Bloodlines
25:14 Scale Barding Armor
26:11 Stone Mining
27:06 Thumb Ring
Connection lost

Rejoining the realm…

Still unreachable

The connection could not be restored.

Session expired

The server has moved on; the page needs a fresh start.